 Dungeon Crawl Stone Soup version 0.29.0-4-gdea44cf6ec (webtiles) character file.

Game seed: 15770550185167742474

67 qw the Caller (level 4, -6/36 HPs)
             Began as a Ghoul Summoner on Sept 9, 2022.
             Mangled by a gnoll
             ... wielding a +0 flail
              (8 damage)
             ... on level 2 of the Dungeon.
             The game lasted 00:01:03 (2755 turns).

qw the Caller (Ghoul Summoner)                      Turns: 2755, Time: 00:01:04

Health: -6/36      AC:  3    Str: 13    XL:     4   Next: 18%
Magic:  0/5        EV: 11    Int: 10    God:
Gold:   72         SH:  0    Dex:  9    Spells: 5/6 levels left

rFire   . . .      SeeInvis .   Y - +0 mace
rCold   + . .      Faith    .   (no shield)
rNeg    + + +      Spirit   .   e - +0 leather armour
rPois   inf        Reflect  .   (no helmet)
rElec   .          Harm     .   (no cloak)
rCorr   .          Rampage  .   (no gloves)
Will    .....                   (no boots)
Stlth   +.........              (no amulet)
HPRegen 0.00/turn               (no ring)
MPRegen 0.09/turn               (no ring)

@: inhibited regen
A: claws 1, cold resistance 1, negative energy resistance 3, inhibited
regeneration, torment resistance 2, devour on kill
a: no special abilities


You were on level 2 of the Dungeon.
You visited 1 branch of the dungeon, and saw 2 of its levels.

You collected 72 gold pieces.


Innate Abilities, Weirdness & Mutations

You are immune to poison.
You have sharp fingernails.
Your flesh is cold resistant. (rC+)
You are immune to negative energy. (rN+++)
You do not regenerate when monsters are visible.
You are immune to unholy pain and torment.
You thrive by killing the living.


   Skills:
 - Level 2.0 Fighting
 + Level 2.7 Axes
 - Level 1.7 Dodging
 - Level 2.1 Stealth
 - Level 1.7 Spellcasting
 - Level 3.6 Summonings


You had 5 spell levels left.
You knew the following spells:

 Your Spells              Type           Power      Damage    Failure   Level
a - Summon Small Mammal   Summ           32%        N/A       10%         1

Your spell library contained the following spells:

 Spells                   Type           Power      Damage    Failure   Level
 Call Imp                 Summ           8%         N/A       14%         2
 Call Canine Familiar     Summ           8%         N/A       28%         3
 Summon Guardian Golem    Hex/Summ       4%         N/A       52%         3
 Summon Lightning Spire   Summ/Air       4%         N/A       89%         4

Inventory:

Hand Weapons
 Y - a +0 mace (weapon)
Missiles
 d - 5 boomerangs (quivered)
Armour
 e - a +0 leather armour (worn)
Potions
 f - a potion of curing {unknown}
 i - a potion of resistance {unknown}

Dungeon Overview and Level Annotations

Branches:
Dungeon (2/15)

Altars:


Message History

Confirm with . or Enter, or press ? or * to list all spells.
2743 ||| Stepping ~*~*~tactically~*~*~ (outnumbered).
Your rat bites the gnoll.
2744 ||| Stepping ~*~*~tactically~*~*~ (outnumbered).
The gnoll attacks as you move away! The gnoll barely misses you.
2745 ||| Stepping ~*~*~tactically~*~*~ (outnumbered).
2746 ||| Stepping ~*~*~tactically~*~*~ (outnumbered).
2747 ||| Stepping ~*~*~tactically~*~*~ (outnumbered).
The gnoll attacks as you move away! The gnoll hits you with a +0 whip.
You hit the gnoll.
The gnoll is lightly wounded.
The quokka misses your rat. The gnoll hits you with a +0 flail.
The quokka bites your rat.
Your rat dies!
Your rat's corpse disappears in a puff of smoke!
2749 ||| Stepping ~*~*~tactically~*~*~ (outnumbered).
The gnoll attacks as you move away! The gnoll closely misses you.
The gnoll attacks as you move away! The gnoll hits you with a +0 flail.
You hit the gnoll.
The gnoll is moderately wounded.
The gnoll hits you with a +0 flail.
2751 ||| CASTING Summon Small Mammal
Casting: Summon Small Mammal (safe; 10% risk of failure)
Confirm with . or Enter, or press ? or * to list all spells.
The quokka barely misses your bat. The gnoll hits you with a +0 whip.
You hit the gnoll.
The gnoll is almost dead.
Your bat hits the gnoll but does no damage.
The gnoll hits you with a +0 whip.
You hit the gnoll.
You kill the gnoll!
You feel better.
Your bat closely misses the gnoll.
The gnoll closely misses you.
You barely miss the gnoll.
The gnoll is moderately wounded.
The quokka closely misses you. The gnoll hits you with a +0 flail.
You sock the gnoll!
The gnoll is severely wounded.
The quokka closely misses you. The gnoll hits you with a +0 flail!
You die...

## . #. ##.#.###
#...br.# #
#@######
#.#g##...#####
.#..gg.........
#........r...###
#.####.#..g<.# #
...##....#
#########.##
#...# #.g.#


You could see 2 gnolls, a quokka, a hobgoblin and a friendly bat (summoned).

Vanquished Creatures
  2 gnolls (D:2)
  A dart slug (D:1)
  4 endoplasms (D:1)
  4 goblins (D:1)
  5 hobgoblins (D:1)
  A quokka (D:1)
  2 ball pythons (D:1)
  4 bats (D:1)
  2 frilled lizards (D:1)
  4 kobolds (D:1)
  3 rats (D:1)
32 creatures vanquished.

Vanquished Creatures (collateral kills)
  A ball python (D:1)
  2 endoplasms (D:1)
  A giant cockroach (D:1)
  2 quokkas (D:1)
  A bat (D:1)
  3 frilled lizards (D:1)
  3 rats (D:1)
13 creatures vanquished.

Grand Total: 45 creatures vanquished

Notes
Turn   | Place    | Note
-------+----------+-------------------------------------------
     0 | D:1      | qw the Ghoul Summoner began the quest for the Orb.
     0 | D:1      | Reached XP level 1. HP: 14/14 MP: 2/2
     0 | D:1      | 0 ||| qw: Version: 0.1-a-113-g051387a
     0 | D:1      | 0 ||| qw: Game counter: 7111
     0 | D:1      | 0 ||| qw: Always use a shield: true
     0 | D:1      | 0 ||| qw: God list: Okawaru
     0 | D:1      | 0 ||| qw: Allow faded altars: false
     0 | D:1      | 0 ||| qw: Do Orc after D:15 true
     0 | D:1      | 0 ||| qw: Do second Lair branch before Depths: true
     0 | D:1      | 0 ||| qw: Lair rune preference: random
     0 | D:1      | 0 ||| qw: Plans: Normal
     0 | D:1      | 0 ||| PLANNING D:1-11
    37 | D:1      | 37 ||| CASTING Summon Small Mammal
    38 | D:1      | 38 ||| CASTING Summon Small Mammal
    50 | D:1      | 50 ||| CASTING Summon Small Mammal
   157 | D:1      | 157 ||| CASTING Summon Small Mammal
   158 | D:1      | 158 ||| CASTING Summon Small Mammal
   196 | D:1      | 196 ||| Stepping ~*~*~tactically~*~*~ (stealth).
   198 | D:1      | 198 ||| CASTING Summon Small Mammal
   199 | D:1      | 199 ||| CASTING Summon Small Mammal
   203 | D:1      | Reached skill level 1 in Axes
   226 | D:1      | 226 ||| Wielding weapon +0 club.
   229 | D:1      | 229 ||| CASTING Summon Small Mammal
   230 | D:1      | 230 ||| CASTING Summon Small Mammal
   238 | D:1      | 238 ||| Stepping ~*~*~tactically~*~*~ (outnumbered).
   240 | D:1      | 240 ||| CASTING Summon Small Mammal
   243 | D:1      | Reached XP level 2. HP: 14/22 MP: 0/3
   248 | D:1      | Reached skill level 1 in Fighting
   427 | D:1      | 427 ||| CASTING Summon Small Mammal
   428 | D:1      | 428 ||| CASTING Summon Small Mammal
   429 | D:1      | 429 ||| CASTING Summon Small Mammal
   490 | D:1      | 490 ||| CASTING Summon Small Mammal
   491 | D:1      | 491 ||| CASTING Summon Small Mammal
   492 | D:1      | 492 ||| CASTING Summon Small Mammal
   531 | D:1      | 531 ||| Stepping ~*~*~tactically~*~*~ (outnumbered).
   533 | D:1      | 533 ||| Stepping ~*~*~tactically~*~*~ (outnumbered).
   535 | D:1      | 535 ||| Stepping ~*~*~tactically~*~*~ (outnumbered).
   536 | D:1      | 536 ||| CASTING Summon Small Mammal
   537 | D:1      | 537 ||| CASTING Summon Small Mammal
   538 | D:1      | 538 ||| CASTING Summon Small Mammal
   547 | D:1      | 547 ||| CASTING Summon Small Mammal
   556 | D:1      | 556 ||| CASTING Summon Small Mammal
   718 | D:1      | 718 ||| CASTING Summon Small Mammal
   719 | D:1      | 719 ||| CASTING Summon Small Mammal
   720 | D:1      | 720 ||| Stepping ~*~*~tactically~*~*~ (outnumbered).
   722 | D:1      | 722 ||| CASTING Summon Small Mammal
   729 | D:1      | 729 ||| CASTING Summon Small Mammal
   747 | D:1      | 747 ||| CASTING Summon Small Mammal
   909 | D:1      | 909 ||| CASTING Summon Small Mammal
   910 | D:1      | 910 ||| CASTING Summon Small Mammal
   911 | D:1      | 911 ||| CASTING Summon Small Mammal
   921 | D:1      | 921 ||| CASTING Summon Small Mammal
   923 | D:1      | Reached XP level 3. HP: 20/28 MP: 0/4
  1003 | D:1      | 1003 ||| CASTING Summon Small Mammal
  1004 | D:1      | 1004 ||| CASTING Summon Small Mammal
  1005 | D:1      | 1005 ||| CASTING Summon Small Mammal
  1006 | D:1      | 1006 ||| CASTING Summon Small Mammal
  1083 | D:1      | 1083 ||| CASTING Summon Small Mammal
  1084 | D:1      | 1084 ||| CASTING Summon Small Mammal
  1085 | D:1      | 1085 ||| CASTING Summon Small Mammal
  1086 | D:1      | 1086 ||| CASTING Summon Small Mammal
  1094 | D:1      | 1094 ||| CASTING Summon Small Mammal
  1103 | D:1      | 1103 ||| CASTING Summon Small Mammal
  1268 | D:1      | 1268 ||| CASTING Summon Small Mammal
  1269 | D:1      | 1269 ||| CASTING Summon Small Mammal
  1270 | D:1      | 1270 ||| CASTING Summon Small Mammal
  1271 | D:1      | 1271 ||| CASTING Summon Small Mammal
  1354 | D:1      | 1354 ||| SWAPPING to +0 mace.
  1355 | D:1      | 1355 ||| CASTING Summon Small Mammal
  1356 | D:1      | 1356 ||| CASTING Summon Small Mammal
  1357 | D:1      | 1357 ||| CASTING Summon Small Mammal
  1358 | D:1      | 1358 ||| CASTING Summon Small Mammal
  1399 | D:1      | 1399 ||| DROPPING +0 club.
  1415 | D:1      | 1415 ||| CASTING Summon Small Mammal
  1416 | D:1      | 1416 ||| CASTING Summon Small Mammal
  1417 | D:1      | 1417 ||| CASTING Summon Small Mammal
  1418 | D:1      | 1418 ||| CASTING Summon Small Mammal
  1460 | D:1      | 1460 ||| CASTING Summon Small Mammal
  1461 | D:1      | 1461 ||| CASTING Summon Small Mammal
  1493 | D:1      | 1493 ||| CASTING Summon Small Mammal
  1494 | D:1      | 1494 ||| CASTING Summon Small Mammal
  1495 | D:1      | 1495 ||| CASTING Summon Small Mammal
  1496 | D:1      | 1496 ||| CASTING Summon Small Mammal
  1593 | D:1      | 1593 ||| CASTING Summon Small Mammal
  1594 | D:1      | 1594 ||| CASTING Summon Small Mammal
  1595 | D:1      | 1595 ||| CASTING Summon Small Mammal
  1596 | D:1      | 1596 ||| CASTING Summon Small Mammal
  1603 | D:1      | 1603 ||| CASTING Summon Small Mammal
  1681 | D:1      | 1681 ||| CASTING Summon Small Mammal
  1682 | D:1      | 1682 ||| CASTING Summon Small Mammal
  1683 | D:1      | 1683 ||| CASTING Summon Small Mammal
  1684 | D:1      | 1684 ||| CASTING Summon Small Mammal
  1739 | D:1      | 1739 ||| CASTING Summon Small Mammal
  1740 | D:1      | 1740 ||| CASTING Summon Small Mammal
  1741 | D:1      | 1741 ||| CASTING Summon Small Mammal
  1742 | D:1      | 1742 ||| CASTING Summon Small Mammal
  1793 | D:1      | 1793 ||| CASTING Summon Small Mammal
  1794 | D:1      | 1794 ||| CASTING Summon Small Mammal
  1795 | D:1      | 1795 ||| CASTING Summon Small Mammal
  1796 | D:1      | 1796 ||| CASTING Summon Small Mammal
  1803 | D:1      | 1803 ||| CASTING Summon Small Mammal
  1858 | D:1      | 1858 ||| CASTING Summon Small Mammal
  1859 | D:1      | 1859 ||| CASTING Summon Small Mammal
  1860 | D:1      | 1860 ||| CASTING Summon Small Mammal
  1861 | D:1      | 1861 ||| CASTING Summon Small Mammal
  1915 | D:1      | 1915 ||| CASTING Summon Small Mammal
  1916 | D:1      | 1916 ||| CASTING Summon Small Mammal
  1917 | D:1      | 1917 ||| CASTING Summon Small Mammal
  1918 | D:1      | 1918 ||| CASTING Summon Small Mammal
  1961 | D:1      | 1961 ||| CASTING Summon Small Mammal
  1962 | D:1      | 1962 ||| CASTING Summon Small Mammal
  1963 | D:1      | 1963 ||| CASTING Summon Small Mammal
  1964 | D:1      | 1964 ||| CASTING Summon Small Mammal
  1972 | D:1      | 1972 ||| CASTING Summon Small Mammal
  2025 | D:1      | 2025 ||| CASTING Summon Small Mammal
  2026 | D:1      | 2026 ||| CASTING Summon Small Mammal
  2027 | D:1      | 2027 ||| CASTING Summon Small Mammal
  2028 | D:1      | 2028 ||| CASTING Summon Small Mammal
  2078 | D:1      | 2078 ||| CASTING Summon Small Mammal
  2079 | D:1      | 2079 ||| CASTING Summon Small Mammal
  2080 | D:1      | 2080 ||| CASTING Summon Small Mammal
  2081 | D:1      | 2081 ||| CASTING Summon Small Mammal
  2170 | D:1      | 2170 ||| CASTING Summon Small Mammal
  2171 | D:1      | 2171 ||| CASTING Summon Small Mammal
  2172 | D:1      | 2172 ||| CASTING Summon Small Mammal
  2173 | D:1      | 2173 ||| CASTING Summon Small Mammal
  2269 | D:1      | 2269 ||| CASTING Summon Small Mammal
  2270 | D:1      | 2270 ||| CASTING Summon Small Mammal
  2271 | D:1      | 2271 ||| CASTING Summon Small Mammal
  2272 | D:1      | 2272 ||| CASTING Summon Small Mammal
  2579 | D:1      | 2579 ||| UPGRADING to +0 leather armour.
  2589 | D:1      | 2589 ||| DROPPING +0 robe.
  2590 | D:1      | 2590 ||| READING scroll labelled OFAKEO USTRALUF.
  2591 | D:1      | 2591 ||| READING scroll labelled HAENIL IBRAR.
  2592 | D:1      | 2592 ||| DRINKING 2 bubbling pink potions.
  2593 | D:1      | 2593 ||| DRINKING 2 fuming cyan potions.
  2594 | D:1      | 2594 ||| DROPPING potion of magic.
  2595 | D:1      | 2595 ||| DROPPING potion of brilliance.
  2630 | D:2      | 2630 ||| CASTING Summon Small Mammal
  2631 | D:2      | 2631 ||| STAIRDANCE
  2643 | D:2      | 2643 ||| CASTING Summon Small Mammal
  2644 | D:2      | 2644 ||| STAIRDANCE
  2656 | D:2      | 2656 ||| CASTING Summon Small Mammal
  2657 | D:2      | 2657 ||| STAIRDANCE
  2668 | D:2      | 2668 ||| CASTING Summon Small Mammal
  2669 | D:2      | 2669 ||| STAIRDANCE
  2671 | D:1      | 2671 ||| CASTING Summon Small Mammal
  2672 | D:1      | 2672 ||| CASTING Summon Small Mammal
  2673 | D:1      | 2673 ||| CASTING Summon Small Mammal
  2721 | D:2      | 2721 ||| CASTING Summon Small Mammal
  2722 | D:2      | 2722 ||| Stepping ~*~*~tactically~*~*~ (stealth).
  2723 | D:2      | 2723 ||| CASTING Summon Small Mammal
  2724 | D:2      | 2724 ||| CASTING Summon Small Mammal
  2725 | D:2      | 2725 ||| CASTING Summon Small Mammal
  2730 | D:2      | Reached XP level 4. HP: 23/36 MP: 0/5
  2731 | D:2      | 2731 ||| CASTING Summon Small Mammal
  2736 | D:2      | 2736 ||| Stepping ~*~*~tactically~*~*~ (stealth).
  2736 | D:2      | HP: 4/36 [gnoll/+0 whip (8)]
  2737 | D:2      | 2737 ||| DRINKING potion of heal wounds.
  2738 | D:2      | 2738 ||| Stepping ~*~*~tactically~*~*~ (outnumbered).
  2739 | D:2      | 2739 ||| Stepping ~*~*~tactically~*~*~ (outnumbered).
  2740 | D:2      | 2740 ||| Stepping ~*~*~tactically~*~*~ (outnumbered).
  2741 | D:2      | 2741 ||| Stepping ~*~*~tactically~*~*~ (outnumbered).
  2742 | D:2      | 2742 ||| CASTING Summon Small Mammal
  2743 | D:2      | 2743 ||| Stepping ~*~*~tactically~*~*~ (outnumbered).
  2744 | D:2      | 2744 ||| Stepping ~*~*~tactically~*~*~ (outnumbered).
  2745 | D:2      | 2745 ||| Stepping ~*~*~tactically~*~*~ (outnumbered).
  2746 | D:2      | 2746 ||| Stepping ~*~*~tactically~*~*~ (outnumbered).
  2747 | D:2      | 2747 ||| Stepping ~*~*~tactically~*~*~ (outnumbered).
  2749 | D:2      | 2749 ||| Stepping ~*~*~tactically~*~*~ (outnumbered).
  2750 | D:2      | HP: 7/36 [gnoll/+0 flail (3)]
  2751 | D:2      | 2751 ||| CASTING Summon Small Mammal
  2751 | D:2      | HP: 3/36 [gnoll/+0 whip (4)]
  2752 | D:2      | HP: 1/36 [gnoll/+0 whip (2)]
  2755 | D:2      | Mangled by a gnoll

Levels and vault maps discovered:
D:1:      minmay_arrival_nine_rooms, layout_loops_ring,
          chequers_serial_rivers_micro_e, serial_park_tiny_2,
          minmay_misc_feat_iff, st_stairs_4, minmay_vboxes
D:2:      layout_loops_cross, chequers_ecumenical_altar_island, basic_altar

Skill      XL: |  1  2  3 |
---------------+----------+-----
Axes           | 1 2 |  2.7
Fighting       | 1 2 |  2.0
Dodging        | |  1.7
Stealth        | |  2.1
Spellcasting   | |  1.7
Summonings     | |  3.6

Action                   |  1- 3 |  4- 6 || total
-------------------------+-------+-------++-------
Melee: Club              |    73 |       ||    73
       Unarmed           |     5 |       ||     5
       Punch             |     2 |       ||     2
       Mace              |    28 |    10 ||    38
Throw: Boomerang         |     5 |       ||     5
 Cast: Summon Small Mamm |   107 |     3 ||   110
  Use: Potion            |     2 |     1 ||     3
       Scroll            |     2 |       ||     2
 Stab: Distracted        |     1 |       ||     1
Armor: Robe              |    13 |       ||    13
       Leather armour    |     6 |     1 ||     7
Dodge: Dodged            |    83 |     7 ||    90

Table legend:
 A = Non-vault XP
 B = Vault XP
 C = Vault XP percentage of total XP
 D = Non-vault monster count
 E = Vault monster count
 F = Vault count percentage of total count
                 A         B        C        D         E       F
            +---------+---------+-------+---------+---------+-------
      Total |      78 |      19 |  19.6 |      34 |      11 |  24.4
            +---------+---------+-------+---------+---------+-------
        D:1 |      50 |      19 |  27.5 |      32 |      11 |  25.6
        D:2 |      28 |       0 |   0.0 |       2 |       0 |   0.0
            +---------+---------+-------+---------+---------+-------
